cohdb
Replays
Latest Replays
All Replays
Popular Replays
Top Player Replays
Match Explorer
How It Works
Community
CoH3 Stats
Reddit
Sign in to upload your games and track your stats! →
Sign in with Steam
Match 42088952
Unlisted
Match 42088952
Overview
Messages
Build Orders
End
Royal Engineer Section
Construct Section Command Post
Dingo Light Scout Car
Infantry Section
Infantry Section
Construct Platoon Command Post
6-pounder Anti-tank Gun Team
Selects Heavy Armor Battlegroup
Selects Engineer Detachments
Humber Armored Car
Royal Engineer Section
Infantry Training
Royal Engineer Section
Humber Armored Car
Selects Light Vehicle Withdraw and Refit
Light Vehicle Withdraw and Refit
6-pounder Anti-tank Gun Team
Vickers Machine Gun Team
Infantry Section
Royal Engineer Section
6-pounder Anti-tank Gun Team
Construct Field Infirmary
6-pounder Anti-tank Gun Team
Royal Engineer Section
HulkSMASH
FeriG
0
0
Comments
sign in to comment!
No comments posted yet!